 Dungeon Crawl Stone Soup version 0.31-a0-7-g51783674b7 (webtiles) character file.

Game seed: 1806047751234966495

86 Dittersdorf the Covered (level 4, -3/29 HPs)
             Began as a Gargoyle Fighter on May 5, 2023.
             Slain by an orc
             ... wielding a +0 trident
              (7 damage)
             ... on level 2 of the Dungeon.
             The game lasted 00:01:23 (1087 turns).

Dittersdorf the Covered (Gargoyle Fighter)          Turns: 1087, Time: 00:01:24

Health: -3/29      AC: 10    Str: 22    XL:     4   Next: 50%
Magic:  4/4        EV:  9    Int:  8    God:
Gold:   61         SH:  4    Dex:  9    Spells: 3/3 levels left

rFire   . . .        a - +0 flail
rCold   . . .        c - +0 buckler
rNeg    + . .        b - +0 scale mail
rPois   ∞            (no helmet)
rElec   +            (no cloak)
rCorr   +            (no gloves)
SInv    .            (no boots)
Will    .....        (no amulet) Stlth
                     h - ring of resist corrosion
HPRegen 0.24/turn    (no ring)
MPRegen 0.09/turn

%: no passive effects
@: no status effects
A: sickness immunity, AC +3, negative energy resistance 1, electricity
resistance, torment resistance 1, petrification resistance
a: no special abilities


You were on level 2 of the Dungeon.
You visited 1 branch of the dungeon, and saw 3 of its levels.

You collected 61 gold pieces.

Inventory:

Hand Weapons
 a - a +0 flail (weapon)
Armour
 b - a +0 scale mail (worn)
 c - a +0 buckler (worn)
Jewellery
 h - a ring of resist corrosion (left hand)
Scrolls
 e - a scroll of enchant weapon {unknown}
 f - a scroll of vulnerability {unknown}
 i - 5 scrolls of identify {unknown}
Potions
 d - a potion of might
 g - 4 potions of brilliance {unknown}
 j - a potion of lignification {unknown}
 k - a potion of degeneration {unknown}
 l - a potion of curing {unknown}
 m - 2 potions of mutation {unknown}


   Skills:
 + Level 4.0 Fighting
 + Level 2.8 Maces & Flails
 + Level 4.0 Armour
 + Level 4.0 Shields


You had 3 spell levels left.
You didn't know any spells.
Your spell library contained the following spells:

 Spells                   Type           Power      Damage    Failure   Level
 Portal Projectile        Hex/Tloc       0%         N/A       99%         3
 Tukima's Dance           Hex            0%         N/A       99%         3
 Blade Hands              Tmut           0%         N/A       100%        5


Dungeon Overview and Level Annotations

Branches:
Dungeon (3/15)

Altars:
Vehumet


Innate Abilities, Weirdness & Mutations

You are immune to sickness and miasma.
Your stone body is resilient. (AC +3)
You are immune to poison.
You resist negative energy. (rN+)
You are resistant to electric shocks. (rElec)
You are resistant to unholy torment.
You are immune to petrification.


Message History

You are too injured to fight recklessly!
You are too injured to fight recklessly!
You are too injured to fight recklessly!
You are too injured to fight recklessly!
You are too injured to fight recklessly!
You are too injured to fight recklessly!
You are too injured to fight recklessly!
You are too injured to fight recklessly!
You are too injured to fight recklessly!
You are too injured to fight recklessly!
You are too injured to fight recklessly!
You are too injured to fight recklessly!
You are too injured to fight recklessly!
You hit the orc but do no damage. The orc hits you with a +0 trident.
* * * LOW HITPOINT WARNING * * *
You hit the orc.
The orc is heavily wounded.
The orc hits you with a +0 trident.
* * * LOW HITPOINT WARNING * * *
The orc hits you but does no damage.
You barely miss the orc.
The orc is heavily wounded.
The orc hits you but does no damage.
You hit the orc.
The orc is almost dead.
You block the orc's attack.
You barely miss the orc.
The orc is almost dead.
The orc closely misses you. The orc misses you.
You barely miss the orc.
The orc is almost dead.
The orc hits you with a +0 trident.
* * * LOW HITPOINT WARNING * * *
You barely miss the orc.
The orc is almost dead.
You block the orc's attack.
You closely miss the orc.
The orc is almost dead.
The orc hits you with a +0 trident!
You die...

#########################
#...........<.........|.######
#.###################.......^#
#.# #....)@o..#.#.####.# #.#
##.#######.#.#....#.# #.#
#........#.#.####.#.# #.#
#..#####.#.#.####.#.# #.#
#...)....#.#......#.# #.#
#.######.#.########.#
#.########.#######...........#
#...................##########
#.########.#######÷##


You could see an orc.

Vanquished Creatures
  Natasha (D:2)
  An adder (D:3)
  2 dart slugs
  3 orcs
  2 bats (D:1)
  2 endoplasms
  2 giant cockroaches
  2 goblins
  2 hobgoblins
  10 jackals
  A quokka (D:1)
  6 ball pythons
  7 frilled lizards (D:1)
  A kobold (D:1)
  A rat (D:1)
43 creatures vanquished.

Vanquished Creatures (others)
  4 plants (D:1)
4 creatures vanquished.

Grand Total: 47 creatures vanquished

Notes
Turn   | Place    | Note
-------+----------+-------------------------------------------
     0 | D:1      | Dittersdorf the Gargoyle Fighter began the quest for the
                  | Orb.
     0 | D:1      | Reached XP level 1. HP: 14/14 MP: 1/1
    60 | D:1      | Reached XP level 2. HP: 13/19 MP: 2/2
   322 | D:1      | Reached XP level 3. HP: 23/23 MP: 3/3
   507 | D:2      | Noticed Natasha
   516 | D:2      | Killed Natasha
   559 | D:2      | Reached XP level 4. HP: 29/29 MP: 4/4
   864 | D:3      | Found a radiant altar of Vehumet.
  1087 | D:2      | Slain by an orc

Illustrated notes

Levels and vault maps discovered:
D:1:      saegor_arrival_simple_e, layout_rooms, chequers_serial_rivers_micro_c,
          dk_noncrumbling_4, minmay_lizard_king
D:2:      layout_basic, uniq_natasha
D:3:      layout_basic, vehumet_crystals, hellmonk_ecumenical_altar_zigzags,
          serial_shops, shop, serial_glass, glass_columns_a, glass_columns_a

Skill      XL: |  1  2  3  4 |
---------------+-------------+-----
Armour         | 4 |  4.0
Fighting       | 4 |  4.0
Shields        | 4 |  4.0
Maces & Flails | |  2.8

Action                     |  1- 3 |  4- 6 || total
---------------------------+-------+-------++-------
  Melee: Flail             |   110 |    63 ||   173
 Armour: Scale mail        |    69 |    50 ||   119
  Dodge: Dodged            |    59 |    45 ||   104
  Block: Buckler           |    24 |    32 ||    56

Table legend: (Time is in decaauts)
 A = Elapsed time spent in this place.
 B = Non-inter-level travel time spent in this place.
 C = Inter-level travel time spent in this place.
 D = Time resting spent in this place.
 E = Time spent auto-exploring this place.
 F = Levels seen in this place.
 G = Mean time per level.
                   A        B        C        D        E       F      G
               +--------+--------+--------+--------+--------+-----+--------+
         Total |   1141 |   1080 |     61 |     75 |    646 |   3 |  380.3 |
       Dungeon |   1141 |   1080 |     61 |     75 |    646 |   3 |  380.3 |
               +--------+--------+--------+--------+--------+-----+--------+

Top non-repeatable levels by time:
     D:1: 516 daAuts
     D:2: 355 daAuts
     D:3: 268 daAuts
